 Dungeon Crawl Stone Soup version 0.31-a0-152-g6aa68a64a1 (webtiles) character file.

Game seed: 15018737875862076449

39 qw the Shooter (level 3, -1/32 HPs)
             Began as a Naga Hunter on June 10, 2023.
             Slain by a gnoll
             ... wielding a +1 spear of venom
              (3 damage)
             ... on level 2 of the Dungeon.
             The game lasted 00:00:12 (770 turns).

qw the Shooter (Naga Hunter)                         Turns: 770, Time: 00:00:13

Health: -1/32      AC:  2    Str: 13    XL:     3   Next: 47%
Magic:  3/3        EV:  9    Int:  9    God:
Gold:   24         SH:  0    Dex: 16    Spells: 2/2 levels left

rFire   . . .        Y - +0 shortbow
rCold   . . .        (shield currently unavailable)
rNeg    . . .        c - +0 leather armour
rPois   +            (no helmet)
rElec   .            (no cloak)
rCorr   .            (no gloves)
SInv    +            (no barding)
Will    .....        (no amulet)
Stlth   ++           (no ring)
HPRegen 0.25/turn    (no ring)
MPRegen 0.08/turn

%: no passive effects
@: short of breath, very slow
A: AC +1, large, see invisible, deformed body, poison resistance, slowness 2,
spit poison 1, naga tail 1
a: Spit Poison


You were on level 2 of the Dungeon.
You visited 1 branch of the dungeon, and saw 2 of its levels.

You collected 24 gold pieces.


Innate Abilities, Weirdness & Mutations

Your serpentine skin is tough. (AC +1)
You have supernaturally acute eyesight. (SInv)
Armour fits poorly on your strangely shaped body.
Your system is resistant to poisons. (rPois)
You cover ground very slowly.
You can spit poison.
You have a snake-like lower body.


   Skills:
 - Level 2.0 Fighting
 + Level 4.7 Ranged Weapons
 - Level 1.5 Dodging
 - Level 1.5 Stealth


You had 2 spell levels left.
You didn't know any spells.
Your spell library was empty.

Inventory:

Hand Weapons
 Y - a +0 shortbow (weapon)
Armour
 c - a +0 leather armour (worn)
Potions
 e - a potion of haste {unknown}

Dungeon Overview and Level Annotations

Branches:
Dungeon (2/15)

Altars:


Message History

The splash of poison misses the gnoll.
The splash of poison hits the gnoll.
The gnoll is poisoned.
The gnoll is lightly wounded.
The gnoll shouts!
You shoot an arrow. The kobold shouts!
The arrow hits the endoplasm.
The endoplasm is lightly wounded.
The endoplasm freezes you.
You are frozen.
A kobold comes into view. It is wielding a +0 dagger.
You shoot an arrow.
The arrow hits the endoplasm but does no damage.
The endoplasm is lightly wounded.
You have got your breath back.
The bat barely misses you.
The endoplasm hits you but does no damage.
767 ||| Stepping ~*~*~tactically~*~*~ (outnumbered).
The bat attacks as you move away! The bat barely misses you.
The bat closely misses you.
A giant cockroach comes into view.
768 ||| INVOKING Spit Poison.
Aiming: Spit Poison (2% risk of failure)
Press: ? - help, Shift-Dir - straight line, f - gnoll, p - endoplasm The splash of poison hits the gnoll!
The gnoll is poisoned.
The gnoll is heavily wounded.
The gnoll hits you from afar with a +1 spear of venom.
You shoot an arrow. The arrow hits the gnoll!
You kill the gnoll!
The bat hits you but does no damage. The endoplasm closely misses you.
The gnoll hits you from afar with a +1 spear of venom! x2
The gnoll closely misses you.
The endoplasm hits you but does no damage.
The hobgoblin hits you.
You shoot an arrow. The arrow hits the endoplasm.
You kill the endoplasm!
The bat barely misses you. The bat hits you. The hobgoblin hits you.
The gnoll hits you from afar with a +0 spear.
The gnoll hits you from afar with a +1 spear of venom.
You die...

## ### . ..# #.
#.# #.##.##
.....### #....(
#...## ##.#
#.b..#....#
##.)@J.#
#..#g..#
#gg.g..B...
.....K......
#.!...........
.........?.....
###.....K.......
#.............
#............


You could see 3 gnolls, an endoplasm, a giant cockroach, a hobgoblin, a bat and
a kobold.

Vanquished Creatures
  A gnoll (D:2)
  An adder (D:2)
  5 ball pythons (D:1)
  A bat (D:1)
  4 endoplasms
  A giant cockroach (D:2)
  2 goblins (D:1)
  2 hobgoblins (D:1)
  2 kobolds (D:1)
  A frilled lizard (D:1)
  A rat (D:1)
21 creatures vanquished.

Notes
Turn   | Place    | Note
-------+----------+-------------------------------------------
     0 | D:1      | qw the Naga Hunter began the quest for the Orb.
     0 | D:1      | Reached XP level 1. HP: 19/19 MP: 1/1
     0 | D:1      | 0 ||| qw: Version: 0.2-a-122-gbc61b45
     0 | D:1      | 0 ||| qw: Game counter: 3612
     0 | D:1      | 0 ||| qw: Always use a shield: true
     0 | D:1      | 0 ||| qw: God list: Okawaru
     0 | D:1      | 0 ||| qw: Allow faded altars: false
     0 | D:1      | 0 ||| qw: Do Orc after D:15 true
     0 | D:1      | 0 ||| qw: Do second Lair branch before Depths: true
     0 | D:1      | 0 ||| qw: Lair rune preference: random
     0 | D:1      | 0 ||| qw: Plans: Normal
     0 | D:1      | 0 ||| PLANNING D:1-11
    15 | D:1      | 15 ||| INVOKING Spit Poison.
    49 | D:1      | 49 ||| INVOKING Spit Poison.
   140 | D:1      | 140 ||| INVOKING Spit Poison.
   141 | D:1      | Reached skill level 4 in Ranged Weapons
   141 | D:1      | Reached XP level 2. HP: 26/26 MP: 2/2
   186 | D:1      | 186 ||| INVOKING Spit Poison.
   310 | D:1      | 310 ||| INVOKING Spit Poison.
   311 | D:1      | 311 ||| INVOKING Spit Poison.
   323 | D:1      | 323 ||| INVOKING Spit Poison.
   377 | D:1      | 377 ||| INVOKING Spit Poison.
   418 | D:1      | 418 ||| INVOKING Spit Poison.
   472 | D:1      | 472 ||| INVOKING Spit Poison.
   690 | D:1      | 690 ||| READING 3 scrolls labelled WAKYOGGOATE.
   740 | D:1      | 740 ||| DROPPING 2 scrolls of torment.
   741 | D:1      | 741 ||| DROPPING scroll of butterflies.
   754 | D:2      | 754 ||| INVOKING Spit Poison.
   757 | D:2      | Reached XP level 3. HP: 32/32 MP: 3/3
   760 | D:2      | 760 ||| INVOKING Spit Poison.
   764 | D:2      | 764 ||| INVOKING Spit Poison.
   767 | D:2      | 767 ||| Stepping ~*~*~tactically~*~*~ (outnumbered).
   768 | D:2      | 768 ||| INVOKING Spit Poison.
   770 | D:2      | HP: 8/32 [hobgoblin (1)]
   770 | D:2      | HP: 2/32 [gnoll/+0 spear (6)]
   770 | D:2      | Slain by a gnoll

Levels and vault maps discovered:
D:1:      doesnt_arrival_eight_statues, layout_loops_ring
D:2:      layout_rooms, basic_altar, serial_aquarium, aquarium_bridge_straight
          [aquarium_subvault_bridge, aquarium_subvault_wall,
          aquarium_subvault_bridge, aquarium_subvault_wall],
          aquarium_window_corner, aquarium_window_1, aquarium_view_2e,
          aquarium_view_2a, aquarium_balcony_3a, aquarium_pool_2

Skill      XL: |  1 |
---------------+----+-----
Ranged Weapons | 4 |  4.7
Fighting       | |  2.0
Dodging        | |  1.5
Stealth        | |  1.5

Action                     || total
---------------------------++-------
   Fire: Shortbow          ||    28
Ability: Spit Poison       ||    13
    Use: Scroll            ||     1
 Armour: Leather armour    ||     4
  Dodge: Dodged            ||    11

Table legend:
 A = Non-vault XP
 B = Vault XP
 C = Vault XP percentage of total XP
 D = Non-vault monster count
 E = Vault monster count
 F = Vault count percentage of total count
                 A         B        C        D         E       F
            +---------+---------+-------+---------+---------+-------
      Total |      59 |       0 |   0.0 |      21 |       0 |   0.0
            +---------+---------+-------+---------+---------+-------
        D:1 |      28 |       0 |   0.0 |      17 |       0 |   0.0
        D:2 |      31 |       0 |   0.0 |       4 |       0 |   0.0
            +---------+---------+-------+---------+---------+-------
